 Dungeon Crawl Stone Soup version 0.24.0-123-gd5b16e6ec5 (webtiles) character file.

Game seed: 4288283815850321057, levelgen mode: deterministic

144 Elellon the Cudgeler (level 5, 0/32 HPs)
             Began as a Gargoyle Fighter on Jan 27, 2020.
             Was an Initiate of Trog.
             Killed by nerve-wracking pain
             ... invoked by Grinder
              (5 damage)
             ... on level 3 of the Dungeon.
             The game lasted 00:01:31 (1735 turns).

Elellon the Cudgeler (Gargoyle Fighter)             Turns: 1735, Time: 00:01:32

Health: 0/32       AC: 10    Str: 20    XL:     5   Next: 27%
Magic:  5/5        EV:  7    Int:  9    God:    Trog [......]
Gold:   111        SH:  9    Dex:  9    Spells: 4/4 levels left

rFire    . . .     SeeInvis .   a - +0 flail
rCold    . . .     Gourm    .   c - +0 shield
rNeg     + . .     Faith    .   b - +0 scale mail
rPois    ∞         Spirit   .   (no helmet)
rElec    +         Reflect  .   (no cloak)
rCorr    .         Harm     .   (no gloves)
MR       .....                  (no boots)
Stlth    ..........             (no amulet)
HPRegen  0.10/turn              (no ring)
MPRegen  0.09/turn              (no ring)

@: no status effects
A: negative energy resistance 1, electricity resistance, unbreathing,
petrification resistance, rot immunity, AC +4
a: Renounce Religion


You were on level 3 of the Dungeon.
You worshipped Trog.
Trog was noncommittal.
You were near starving.

You visited 1 branch of the dungeon, and saw 3 of its levels.

You collected 111 gold pieces.

Inventory:

Hand Weapons
 a - a +0 flail (weapon)
Armour
 b - a +0 scale mail (worn)
 c - a +0 shield (worn)
Jewellery
 e - an uncursed amulet of harm {unknown}
 g - an uncursed amulet of guardian spirit {unknown}
 s - a cursed -3 ring of intelligence {unknown}
 u - a +4 ring of intelligence {unknown}
Scrolls
 i - a scroll of fear {unknown}
 j - 3 scrolls of fog {unknown}
 k - a scroll of blinking {unknown}
 l - 2 scrolls of random uselessness {unknown}
 o - a scroll of teleportation {unknown}
 r - 3 scrolls of identify {unknown}
Potions
 d - a potion of might
 h - a potion of resistance {unknown}
 m - a potion of curing {unknown}
 n - a potion of haste {unknown}
 p - a potion of agility {unknown}
 q - a potion of brilliance {unknown}
 t - a potion of ambrosia {unknown}
Comestibles
 f - 5 rations


   Skills:
 - Level 3.2 Fighting
 + Level 5.3 Maces & Flails
 - Level 3.2 Armour
 - Level 3.2 Shields


You had 4 spell levels left.
You didn't know any spells.
Your spell library was empty.

Dungeon Overview and Level Annotations

Branches:
Dungeon (3/15)

Altars:
Ru
Trog

Annotations:
D:3 Grinder


Innate Abilities, Weirdness & Mutations

You are resistant to torment.
Your stone body is resilient. (AC +4)
You are immune to poison.
You resist negative energy. (rN+)
You are resistant to electric shocks. (rElec)
You can survive without breathing.
You are immune to petrification.
You are immune to rotting.


Message History

Items here: $ ) [ † a +0 flail; a +0 leather armour; 12 gold pieces; an orc corpse You hit the orc.
You kill the orc!
Trog accepts your kill.
Things that are here:
a scroll labeled BYAMOI EV XEN; a +0 dagger; an orc corpse You hit Grinder.
Grinder is severely wounded.
Grinder hits you.
* * * LOW HITPOINT WARNING * * *
You closely miss Grinder.
Grinder is severely wounded.
You block Grinder's attack.
You sock Grinder!
Grinder is almost dead.
Grinder blinks!
Grinder gestures at you. Pain shoots through your body!
You die...

........... ...###.#####
...........# ###..#
...........#####...####..
...........#............#
..............###########
..<..........##
.........†..###
##....§†.)..##
###..@......#
#...).......#
#.......5.[...#
#...#.........>.# ##.
##....<....## ..
##...#...## . ..........
.#####..#. #. #..


You could see Grinder.

Vanquished Creatures
  An ogre (D:2)
  2 adders
  An ooze (D:1)
  2 dart slugs (D:2)
  A leopard gecko (D:2)
  3 orcs (D:3)
  A ball python (D:2)
  4 bats
  3 giant cockroaches
  6 goblins
  6 hobgoblins
  A frilled lizard (D:1)
  3 rats
34 creatures vanquished.

Notes
Turn   | Place    | Note
-------+----------+-------------------------------------------
     0 | D:1      | Elellon the Gargoyle Fighter began the quest for the Orb.
     0 | D:1      | Reached XP level 1. HP: 14/14 MP: 1/1
   139 | D:1      | Reached XP level 2. HP: 19/19 MP: 2/2
   304 | D:1      | Reached skill level 3 in Maces & Flails
   552 | D:2      | Reached XP level 3. HP: 23/23 MP: 3/3
   897 | D:2      | Found a sacrificial altar of Ru.
  1025 | D:2      | Noticed an ogre
  1032 | D:2      | Killed an ogre
  1032 | D:2      | Reached skill level 5 in Maces & Flails
  1032 | D:2      | Reached XP level 4. HP: 8/28 MP: 4/4
  1032 | D:2      | Reached XP level 5. HP: 9/32 MP: 5/5
  1410 | D:2      | Found a bloodstained altar of Trog.
  1594 | D:2      | Became a worshipper of Trog the Wrathful
  1708 | D:3      | Noticed Grinder
  1725 | D:3      | Paralysed by Grinder for 3 turns
  1735 | D:3      | Killed from afar by Grinder

Levels and vault maps discovered:
D:1:      elethiomel_arrival_maze, layout_rooms
D:2:      layout_basic, nicolae_ru_awakened_eye, overflow_temple_1_default,
          first_ration, columned_hall_lemuel, kennysheep_nondescript,
          serial_park_tiny_2
D:3:      cheibrodos_helix_gallery, layout_rooms, marbit_many_paths,
          okawaru_trees_1, uniq_grinder

Skill      XL: |  1  2  3 |
---------------+----------+-----
Maces & Flails | 3 5 |  5.3
Fighting       | |  3.2
Armour         | |  3.2
Shields        | |  3.2

Action                   |  1- 3 |  4- 6 || total
-------------------------+-------+-------++-------
Melee: Flail             |    76 |    38 ||   114
  Eat: Chunk             |       |     1 ||     1
Armor: Scale mail        |    26 |    37 ||    63
Dodge: Dodged            |    23 |    25 ||    48
Block: Shield            |    32 |    35 ||    67
